 Dungeon Crawl Stone Soup version 0.21-a0-279-g6037ffb (webtiles) character file.

34 4thArraOfDagon the Chiller (level 3, -2/26 HPs)
             Began as a Hill Orc Ice Elementalist on Sept 23, 2017.
             Slain by a quokka (4 damage)
             ... on level 4 of the Dungeon.
             The game lasted 00:02:47 (535 turns).

4thArraOfDagon the Chiller (HOIE)                    Turns: 535, Time: 00:02:48

Health: -2/26      AC:  2    Str: 10    XL:     3   Next: 31%
Magic:  5/6        EV: 12    Int: 16    God:
Gold:   68         SH:  0    Dex: 11    Spells: 5/6 levels left

rFire    . . .     SeeInvis .   d - +0 spear
rCold    . . .     Gourm    .   (no shield)
rNeg     . . .     Faith    .   a - +0 robe
rPois    .         Spirit   .   (no helmet)
rElec    .         Reflect  .   (no cloak)
rCorr    .         Harm     .   (no gloves)
MR       .....                  (no boots)
Stlth    ++........             (no amulet)
HPRegen  0.08/turn              (no ring)
MPRegen  0.10/turn              (no ring)

@: no status effects
A: no striking features
a: no special abilities


You were on level 4 of the Dungeon.
You were not hungry.

You visited 1 branch of the dungeon, and saw 4 of its levels.

You collected 68 gold pieces.

Inventory:

Hand Weapons
 d - a +0 spear (weapon)
Armour
 a - a +0 robe (worn)
Scrolls
 h - a scroll of identify {unknown}
Potions
 g - a potion of haste
Books
 b - a book of Frost

   Spells                             Type                      Level
   a - Freeze                         Ice                          1
   b - Throw Frost                    Conjuration/Ice              2
   c - Ozocubu's Armour               Charms/Ice                   3
   d - Throw Icicle                   Conjuration/Ice              4
   e - Summon Ice Beast               Ice/Summoning                4
Comestibles
 c - a bread ration
 f - a fruit


   Skills:
 - Level 1.5 Dodging
 - Level 1.5 Stealth
 - Level 2.0 Spellcasting
   Level 1.0 Conjurations
 * Level 3.6 Ice Magic


You had 5 spell levels left.
You knew the following spells:

 Your Spells              Type           Power        Failure   Level  Hunger
a - Freeze                Ice            ##..         4%          1    #......


Dungeon Overview and Level Annotations

Branches:
Dungeon (4/15)
 Temple: D:4-7

Altars:

Annotations:
D:4 Natasha


Message History

Level annotation: Natasha Unknown command.
Casting: Freeze
Confirm with . or Enter, or press ? or * to list all spells.
Aiming: Freeze
Press: ? - help, Shift-Dir - straight line, f - rat
Aim: a rat
Okay, then.
Unknown command.
Your resistance to elements expires.
Unknown command.
Casting: Freeze
Confirm with . or Enter, or press ? or * to list all spells.
Aiming: Freeze
Press: ? - help, Shift-Dir - straight line, f - quokka
Aim: a quokka You freeze the quokka.
The quokka is moderately wounded.
The quokka bites you.
You die...

####
#.. #.#
#@#
#####r#
#....r#
#.....#
#.....+
#.....#
##
#.....#
#.
#######
#[##
#...


You could see a quokka and a rat.

Vanquished Creatures
  An adder (D:4)
  An ooze (D:1)
  4 orcs (D:4)
  A ball python (D:1)
  2 bats
  A giant cockroach (D:3)
  2 hobgoblins
  2 quokkas
  A rat (D:1)
15 creatures vanquished.

Notes
Turn   | Place    | Note
-------+----------+-------------------------------------------
     0 | D:1      | 4thArraOfDagon the Hill Orc Ice Elementalist began the quest for the Orb.
     0 | D:1      | Reached XP level 1. HP: 14/14 MP: 3/3
     1 | D:1      | Noticed an electric eel
    44 | D:1      | Reached skill level 3 in Ice Magic
    44 | D:1      | Reached XP level 2. HP: 15/20 MP: 0/4
   245 | D:3      | Thaneod: ice lepszy od fire?
   296 | D:4      | Thaneod: firestormem bys zalapal obie mumie
   392 | D:4      | Noticed a phantom
   433 | D:4      | Reached XP level 3. HP: 10/26 MP: 3/6
   451 | D:4      | Noticed Natasha
   535 | D:4      | Slain by a quokka

Vault maps used:
D:1:      arrival_aquarium_a
D:2:      serial_glass, glass_columns_b, glass_columns_b, glass_columns_a,
          glass_columns_a, glass_columns_c, glass_columns_a, glass_columns_b,
          glass_columns_a, glass_columns_c, glass_columns_b, glass_columns_a,
          glass_columns_c, glass_columns_c, glass_columns_a,
          due_unseen_surprise, minmay_strange_pillars, feat_on_display,
          chequers_ecumenical_altar_simple_redux, grunt_ministairs_6,
          minmay_tree_intersection
D:4:      minmay_temple_entry_mist, serial_shops, nicolae_shop_window_shopping,
          brannock_xom_greatest_gift, uniq_natasha, uniq_sigmund

Skill      XL: |  1  2 |
---------------+-------+-----
Ice Magic      | 3 |  3.6
Spellcasting   | 2 |  2.0
Dodging        | |  1.5
Stealth        | |  1.5
Conjurations   | |  1.0

Action                   || total
-------------------------++-------
Melee: Spear             ||    10
       Unarmed           ||     1
 Cast: Freeze            ||    31
  Use: Potion            ||     2
 Stab: Sleeping          ||     1
Armor: Robe              ||     2
Dodge: Dodged            ||    20

Table legend:
 A = Spawn XP
 B = Non-spawn XP
 C = Spawn XP percentage of total XP
 D = Spawn monster count
 E = Non-spawn monster count
 F = Spawn count percentage of total count
 G = Total turns spent on level
                    A         B        C        D         E        F      G
               +---------+---------+-------+---------+---------+-------+---------
         Total |       0 |      49 |   0.0 |       0 |      15 |   0.0 |   535
               +---------+---------+-------+---------+---------+-------+---------
           D:1 |       0 |      10 |   0.0 |       0 |       3 |   0.0 |    73
           D:2 |       0 |       6 |   0.0 |       0 |       3 |   0.0 |    90
           D:3 |       0 |       6 |   0.0 |       0 |       3 |   0.0 |   160
           D:4 |       0 |      27 |   0.0 |       0 |       6 |   0.0 |   212
               +---------+---------+-------+---------+---------+-------+---------
